 Dungeon Crawl Stone Soup version 0.31.0-4-g52a2dc7128 (webtiles) character file.

Game seed: 10174555802153533677

4571 runemasterragnar the Carver (level 10, -2/69 HPs)
             Began as an Octopode Fighter on Jan 22, 2024.
             Was a Believer of Vehumet.
             Slain by a yak (6 damage)
             ... on level 9 of the Dungeon.
             The game lasted 00:13:42 (8147 turns).

runemasterragnar the Carver (Octopode Fighter)      Turns: 8147, Time: 00:13:42

Health: -2/69      AC:  7    Str: 16    XL:     10   Next: 41%
Magic:  10/10      EV: 16    Int: 10    God:    Vehumet [**....]
Gold:   683        SH:  6    Dex: 16    Spells: 6/9 levels left

rFire   . . .        a - +5 scimitar
rCold   . . .        b - +0 buckler
rNeg    . . .        l - +2 hat
rPois   .            f - amulet of regeneration
rElec   .            j - +4 ring of protection
rCorr   +            p - ring of resist corrosion
SInv    .            (no ring)
Will    .....        (no ring)
Stlth   +++++        (no ring)
HPRegen 1.11/turn    (no ring)
MPRegen 0.12/turn    (no ring)
                     (no ring)

%: no passive effects
@: marked, studying Shields
A: almost no armour, amphibious, 8 rings, camouflage 1, gelatinous body 1,
(nimble swimmer 1), tentacles
a: Renounce Religion


You were on level 9 of the Dungeon.
You worshipped Vehumet.
Vehumet was pleased with you.
You visited 2 branches of the dungeon, and saw 10 of its levels.
You also visited: Sewer and Ossuary.

You collected 683 gold pieces.

Inventory:

Hand Weapons
 a - a +5 scimitar (weapon)
 g - a +1 short sword of freezing
 i - a +0 dagger of venom
Missiles
 e - 6 silver javelins (quivered)
Armour
 b - a +0 buckler (worn)
 l - a +2 hat (worn)
Magical Staves
 h - a staff of alchemy
Jewellery
 f - an amulet of regeneration (around mantle)
 j - a +4 ring of protection (left tentacle)
 p - a ring of resist corrosion (right tentacle)
 t - a ring of fire
Talismans
 s - a serpent talisman
Wands
 o - a wand of flame (16)
 r - a wand of iceblast (9)
 v - a wand of digging (3)
Scrolls
 d - 4 scrolls of teleportation
 m - a scroll of amnesia
 n - 2 scrolls of torment
 u - a scroll of fog {unknown}
 w - 2 scrolls of enchant weapon {unknown}
 y - a scroll of poison {unknown}
 B - a scroll of identify
Potions
 c - 4 potions of enlightenment
 k - 2 potions of mutation
 q - 2 potions of brilliance
 x - 2 potions of curing
 z - a potion of resistance {unknown}
 A - 3 potions of heal wounds


   Skills:
 + Level 6.4 Fighting
 * Level 8.2 Long Blades
 + Level 6.5 Dodging
 + Level 7.9 Stealth
 + Level 8.2 Shields
 + Level 5.3 Unarmed Combat


You had 6 spell levels left.
You knew the following spells:

 Your Spells              Type           Power      Damage    Failure   Level
a - Ozocubu's Armour      Ice            0%         N/A       80%         3

Your spell library contained the following spells:

 Spells                   Type           Power      Damage    Failure   Level
 Dazzling Flash           Conj/Hex       0%         N/A       80%         3
 Summon Ice Beast         Ice/Summ       0%         N/A       80%         3
 Animate Dead             Necr           0%         N/A       99%         4
 Vhi's Electric Charge    Tloc/Air       0%         N/A       99%         4
 Arcjolt                  Conj/Air       0%         1d10      100%        5
 Borgnjor's Vile Clutch   Necr/Erth      0%         N/A       100%        5
 Metabolic Englaciation   Hex/Ice        0%         N/A       100%        5
 Summon Mana Viper        Hex/Summ       0%         N/A       100%        5
 Death Channel            Necr           0%         N/A       100%        6
 Plasma Beam              Fire/Air       0%         2x1d10    100%        6
 Sculpt Simulacrum        Ice/Alch       0%         N/A       100%        6
 Monstrous Menagerie      Summ           0%         N/A       100%        7


Dungeon Overview and Level Annotations

Branches:
Dungeon (9/15)             Temple (1/1) D:5           Sewer (visited)
Ossuary (visited)
   Lair: D:8-11         Orc: D:9-12

Altars:
Cheibriados
Dithmenos
Fedhas
Gozag
Hepliaklqana
Kikubaaqudgha
Makhleb
Nemelex Xobeh
Okawaru
Ru
Sif Muna
Uskayaw
Vehumet
Xom
Yredelemnul
Zin
The Shining One

Annotations:
D:4 2 transporters


Innate Abilities, Weirdness & Mutations

You cannot wear most types of armour.
You are amphibious.
You can wear up to eight rings at the same time.
Your skin changes colour to match your surroundings (Stealth+).
Your rubbery body absorbs attacks. (AC +1, EV +1)
((You are camouflaged when in or above water. (Stealth+)))
You have tentacles for arms and can constrict up to eight enemies at once.


Message History

The yak completely misses you.
The yak sets off the alarm!
The alarm trap emits a blaring wail!
A sentinel's mark forms upon you. The yak misses you.
There is a stone staircase leading down here.
You open the door. The yak attacks as it pursues you!
You block the yak's attack.
There is an open door here.
You completely miss the yak. You squeeze the yak.
The yak is lightly wounded.
The yak gores you!
You hit the yak but do no damage. You squeeze the yak!
The yak is moderately wounded.
You slash the yak! You tentacle-slap the yak. Your squeeze misses the yak.
The yak is heavily wounded.
The yak barely misses you. The yak gores you!
Unknown command.
You hit the yak but do no damage. You squeeze the yak!
The yak is severely wounded.
The yak gores you. The yak gores you!
You slash the yak!
You tentacle-slap the yak, but do no damage.
The yak is almost dead.
The yak gores you.
Unknown command.
You slash the yak!
You kill the yak!
Vehumet accepts your kill. The yak gores you! x2
Your life force feels restored.
The yak gores you.
* * * LOW HITPOINT WARNING * * *
The yak attacks as it pursues you! The yak gores you!
* * * LOW HITPOINT WARNING * * *
The yak attacks as it pursues you! The yak closely misses you.
The yak attacks as it pursues you! The yak gores you!
* * * LOW HITPOINT WARNING * * *
You open the door. The yak gores you.
You die...

####### #.....#
######.....####
####
##....Y.YYY@'..#
...#
#....>#†..Y.##.#
...# #.....#.....#
...# #.....#.....#
...###.....#######
....Y#.....#
#..#.#.....#
.Y.#....####
#...#####


You could see 5 yaks.

Vanquished Creatures
  A two-headed ogre (D:8)
  A yak (D:9)
  2 steam dragons
  A water moccasin (D:8)
  An ice beast (D:7)
  An orc warrior (D:7)
  A sky beast (D:6)
  An ogre (D:6)
  A centaur (D:8)
  2 crocodiles (Sewer)
  3 kobold brigands
  A weeping skull (Ossuary)
  A bullfrog (D:6)
  A gnoll sergeant (D:7)
  A scorpion (D:4)
  9 water moccasin zombies (Ossuary)
  14 wights
  3 killer bees (D:7)
  A bombardier beetle (D:6)
  2 hounds
  2 jellies
  2 spectral scorpions (Ossuary)
  4 orc priests
  2 gnoll boudas
  A sleepcap (D:8)
  6 iguanas
  3 orc wizards
  A sickly merfolk siren (Sewer)
  A malarious merfolk avatar (Sewer)
  A bullfrog simulacrum (Ossuary)
  2 mummies (Ossuary)
  13 gnolls
  3 adders
  A river rat (Sewer)
  2 adder zombies (Ossuary)
  4 dart slugs
  3 ribbon worms
  25 orcs
  6 ball pythons
  4 endoplasms
  6 giant cockroaches
  6 gnoll zombies (Ossuary)
  8 hobgoblins
  9 quokkas
  3 bats
  10 frilled lizards
  8 goblins
  5 jackal zombies (Ossuary)
  25 kobolds
  2 orc zombies (Ossuary)
  30 rats
246 creatures vanquished.

Notes
Turn   | Place    | Note
-------+----------+-------------------------------------------
     0 | D:1      | runemasterragnar the Octopode Fighter began the quest for
                  | the Orb.
     0 | D:1      | Reached XP level 1. HP: 16/16 MP: 1/1
   244 | D:1      | Reached XP level 2. HP: 21/21 MP: 2/2
   354 | D:1      | Reached skill level 1 in Stealth
   793 | D:1      | Reached XP level 3. HP: 26/26 MP: 3/3
  1594 | D:3      | Reached skill level 1 in Unarmed Combat
  1666 | D:3      | Found a faded altar of an unknown god.
  1671 | D:3      | Found a glowing golden altar of the Shining One.
  1696 | D:3      | Reached XP level 4. HP: 31/31 MP: 4/4
  1913 | D:3      | Found a faded altar of an unknown god.
  2313 | D:4      | Reached XP level 5. HP: 6/36 MP: 5/5
  2714 | D:4      | Found a transporter.
  2895 | D:4      | Found a transporter.
  3000 | D:5      | Entered Level 5 of the Dungeon
  3008 | D:5      | Identified a scroll of acquirement
  3008 | D:5      | Acquired a manual of Shields
  3019 | D:5      | Reached XP level 6. HP: 35/42 MP: 6/6
  3227 | D:5      | Found a glowing drain.
  3245 | Sewer    | Entered a sewer
  3613 | Sewer    | Reached XP level 7. HP: 35/48 MP: 7/7
  3997 | D:5      | Found a staircase to the Ecumenical Temple.
  4039 | Temple   | Entered the Ecumenical Temple
  4054 | Temple   | Became a worshipper of Vehumet
  4429 | D:5      | Found a snail-covered altar of Cheibriados.
  4547 | D:5      | Found a burning altar of Makhleb.
  4547 | D:5      | Noticed a blizzard demon
  4550 | D:5      | Noticed a smoke demon
  4550 | D:5      | Noticed a smoke demon
  4963 | D:6      | Reached skill level 5 in Long Blades
  5002 | D:6      | Reached * piety under Vehumet
  5002 | D:6      | Offered knowledge of Sting by Vehumet.
  5003 | D:6      | Reached skill level 5 in Shields
  5011 | D:6      | Reached XP level 8. HP: 45/54 MP: 8/8
  5589 | D:6      | Reached skill level 5 in Stealth
  5976 | D:7      | Found a sand-covered staircase.
  5985 | Ossuary  | Entered an ossuary
  6006 | Ossuary  | Reached skill level 5 in Dodging
  6018 | Ossuary  | Reached skill level 5 in Fighting
  6058 | Ossuary  | Reached XP level 9. HP: 61/61 MP: 9/9
  6481 | D:7      | Reached ** piety under Vehumet
  6518 | D:7      | Offered knowledge of Sandblast by Vehumet.
  7309 | D:8      | Reached XP level 10. HP: 48/67 MP: 10/10
  7447 | D:8      | Noticed a two-headed ogre
  7481 | D:8      | Killed a two-headed ogre
  7482 | D:8      | Reached skill level 5 in Unarmed Combat
  7642 | D:8      | Found an ancient bone altar of Kikubaaqudgha.
  8097 | D:8      | Offered knowledge of Dazzling Flash by Vehumet.
  8113 | D:8      | Learned a level 3 spell: Ozocubu's Armour
  8146 | D:9      | HP: 3/69 [yak (7)]
  8147 | D:9      | Slain by a yak

Illustrated notes

Levels and vault maps discovered:
D:1:      dpeg_arrival_rhombi, layout_basic
D:2:      layout_loops_ring
D:3:      layout_loops_ring, nicolae_overflow_ecumenical_swirl,
          shapermc_ecumenical_altar_starsandcircs, roderic_roman_lattice,
          minmay_strange_pillars, nicolae_concentric_dashed_squares_wild
D:4:      gammafunk_steamed_eel, layout_basic
D:5:      layout_basic, slow_altar_1, makhleb_altar_promises_db,
          minmay_temple_entry_fiery, cheibrodos_sewer_entry_bend
D:6:      layout_cave_pods, st_stairs_13, hangedman_glass_teeth
D:7:      layout_loops_ring, nicolae_overflow_hidden_temple,
          mainiacjoe_ossuary_entry_dusty_tomb
D:8:      layout_loops_cross, kiku_gazebo_pond_becter
D:9:      layout_basic, kennysheep_mini_moat, hellmonk_lair_entry_icy,
          uniq_pikel
Temple:   hellmonk_temple_forest_ring

Skill      XL: |  1  2  3  4  5  6  7  8  9 10 |
---------------+-------------------------------+-----
Stealth        | 1 2 3 4 5 7 |  7.9
Unarmed Combat | 1 2 3 4 5 |  5.3
Long Blades    | 3 4 5 6 7 8 |  8.2
Shields        | 4 5 6 7 8 |  8.2
Fighting       | 4 5 6 |  6.4
Dodging        | 4 5 6 |  6.5

Action                     |  1- 3 |  4- 6 |  7- 9 | 10-12 || total
---------------------------+-------+-------+-------+-------++-------
  Melee: Long sword        |    72 |   164 |   280 |       ||   516
         Constrict         |    22 |    34 |    76 |    11 ||   143
         Tentacles         |    11 |    31 |    96 |    16 ||   154
         Punch             |       |     2 |    10 |     6 ||    18
         Scimitar          |       |       |    56 |    65 ||   121
         Dagger            |       |       |       |     4 ||     4
  Evoke: Wand              |       |       |    10 |       ||    10
    Use: Scroll            |     3 |     6 |     7 |       ||    16
         Potion            |       |     8 |     1 |     3 ||    12
   Stab: Sleeping          |     9 |     5 |    15 |     1 ||    30
         Invisible         |       |     2 |       |       ||     2
         Distracted        |       |       |     1 |       ||     1
 Armour: Skin              |    26 |    60 |   159 |    41 ||   286
  Dodge: Dodged            |    33 |   102 |   179 |    54 ||   368
  Block: Buckler           |    18 |    24 |    70 |    19 ||   131
